 Dungeon Crawl Stone Soup version 0.29.1-12-g30fa7ad0bf (webtiles) character file.

Game seed: 3414845667438475191

1503468 wingedge the Axe Maniac (level 27, 300/300 HPs)
             Began as a Hill Orc Fighter on Jan 8, 2023.
             Was the Champion of Lugonu.
             Escaped with the Orb
             ... and 3 runes!
             The game lasted 05:38:33 (87834 turns).

wingedge the Axe Maniac (Hill Orc Fighter)         Turns: 87834, Time: 05:38:34

Health: 300/300    AC: 38    Str: 24    XL:     27
Magic:  38/38      EV: 13    Int:  7    God:    Lugonu [******]
Gold:   3918       SH:  5    Dex: 13    Spells: 28/30 levels left

rFire   + + .      SeeInvis .   a - +3 executioner's axe (distort)
rCold   + + +      Faith    .   (shield currently unavailable)
rNeg    + + .      Spirit   .   B - +10 plate armour of the Garden {rElec rF+ Will+}
rPois   .          Reflect  +   s - +1 hat "Kadacem" {+Blink rC+++ Dex-3 Slay+3}
rElec   +          Harm     .   C - scarf {repulsion}
rCorr   +          Rampage  .   j - +2 pair of gloves
Will    ++++.                   A - +2 pair of boots {Stlth+}
Stlth   ..........              c - amulet of Jeobal {Reflect Will+ Int-3 Dex+2 SH+5}
HPRegen 0.60/turn               J - ring of Paranoia {rF+ rC+ rN++ Str-3}
MPRegen 0.26/turn               x - ring of resist corrosion

@: studying 2 skills, repel missiles
A: robust 1, inability to read after injury 1, MP-powered wands
0: Orb of Zot
}: 3/15 runes: barnacled, silver, gossamer
a: Renounce Religion, Evoke Blink, Depart the Abyss, Bend Space, Banish,
Corrupt, Enter the Abyss


You escaped.
You worshipped Lugonu.
Lugonu was exalted by your worship.
You visited 10 branches of the dungeon, and saw 48 of its levels.
You visited the Abyss 3 times.
You visited 1 bazaar.
You also visited: Gauntlet, Ice Cave and Desolation.

You collected 7307 gold pieces.
You spent 3389 gold pieces at shops.

Inventory:

Hand Weapons
 a - a +3 executioner's axe of distortion (weapon)
 b - a +2 antimagic battleaxe
 p - the +7 executioner's axe of Gehenna {vorpal, rPois rC+ Will++ Dex-3}
   (You took it off a deep elf death mage on level 3 of the Elven Halls)

   It inflicts extra damage upon your enemies.
   Dex:       It affects your dexterity (-3).
   rC:        It protects you from cold.
   rPois:     It protects you from poison.
   Will:      It greatly increases your willpower.
Missiles
 q - 6 javelins
 D - 13 boomerangs (quivered)
 I - 7 throwing nets
 K - 19 boomerangs of dispersal
 L - 10 silver javelins
Armour
 j - a +2 pair of gloves (worn)
 r - +4 gold dragon scales
 s - the +1 hat "Kadacem" (worn) {+Blink rC+++ Dex-3 Slay+3}
   (You found it in a Gauntlet)

   Dex:       It affects your dexterity (-3).
   Slay:      It affects your accuracy & damage with ranged weapons and melee
   (+3).
   rC:        It renders you almost immune to cold.
   +Blink:    It lets you blink.
 A - a +2 pair of boots of stealth (worn)
 B - the +10 plate armour of the Garden (worn) {rElec rF+ Will+}
   (You bought it in a shop in a bazaar)

   rF:        It protects you from fire.
   rElec:     It insulates you from electricity.
   Will:      It increases your willpower.
 C - a scarf of repulsion (worn)
Jewellery
 c - the amulet of Jeobal (around neck) {Reflect Will+ Int-3 Dex+2 SH+5}
   (You took it off a tengu conjurer on level 13 of the Dungeon)

   [amulet of reflection]

   It reflects blocked missile attacks.
   Int:       It affects your intelligence (-3).
   Dex:       It affects your dexterity (+2).
   SH:        It affects your SH (+5).
   Will:      It increases your willpower.
 g - the amulet of Muazion {RegenMP rElec rC+ rCorr}
   (You found it in the Desolation of Salt)

   [amulet of magic regeneration]

   It increases your rate of magic regeneration.
   rC:        It protects you from cold.
   rElec:     It insulates you from electricity.
   rCorr:     It protects you from acid and corrosion.
 k - a ring of flight
 t - the ring "Qosagoh" {Will- Str+4 Int+6 Dex+4 Slay+3}
   (You found it in a Gauntlet)

   [ring of intelligence]

   Str:       It affects your strength (+4).
   Int:       It affects your intelligence (+6).
   Dex:       It affects your dexterity (+4).
   Slay:      It affects your accuracy & damage with ranged weapons and melee
   (+3).
   Will:      It decreases your willpower.
 x - a ring of resist corrosion (right hand)
 y - the ring of Mesmyg {Int-2 Dex+5 SInv}
   (You found it in the Desolation of Salt)

   [ring of see invisible]

   Int:       It affects your intelligence (-2).
   Dex:       It affects your dexterity (+5).
   SInv:      It lets you see invisible.
 G - the ring "Kurotronk" {rF+ Will+ Stlth+}
   (You found it in the Desolation of Salt)

   [ring of willpower]

   rF:        It protects you from fire.
   Will:      It increases your willpower.
   Stlth:     It makes you more stealthy.
 J - the ring of Paranoia (left hand) {rF+ rC+ rN++ Str-3}
   (You took it off a minotaur in a Gauntlet)

   [ring of protection from cold]

   Str:       It affects your strength (-3).
   rF:        It protects you from fire.
   rC:        It protects you from cold.
   rN:        It greatly protects you from negative energy.
 O - the amulet "Jutet" {rElec Regen+ rCorr MP-9}
   (You found it in the Desolation of Salt)

   [amulet of regeneration]

   rElec:     It insulates you from electricity.
   MP:        It affects your magic capacity (-9).
   Regen:     It increases your rate of health regeneration.
   rCorr:     It protects you from acid and corrosion.
 W - the ring of Zob Yviz {rPois Str+5 Int+4}
   (You found it on level 5 of the Vaults)

   [ring of poison resistance]

   Str:       It affects your strength (+5).
   Int:       It affects your intelligence (+4).
   rPois:     It protects you from poison.
Wands
 d - a wand of mindburst (12)
 H - a wand of digging (2)
 M - a wand of light (15)
 X - a wand of iceblast (13)
Scrolls
 f - 23 scrolls of teleportation
 h - 12 scrolls of magic mapping
 i - 2 scrolls of enchant armour
 o - 3 scrolls of blinking
 u - a scroll of silence
 w - 5 scrolls of fear
 T - 3 scrolls of summoning
 U - 8 scrolls of fog
Potions
 e - 5 potions of resistance
 m - 4 potions of cancellation
 n - 12 potions of haste
 z - 9 potions of heal wounds
 E - 15 potions of curing
 N - 6 potions of ambrosia
 P - 3 potions of berserk rage
 Q - 8 potions of might
 R - 13 potions of mutation
 S - 10 potions of flight
 V - 6 potions of invisibility
Miscellaneous
 l - a lightning rod (4/4)
 v - a condenser vane
 F - a phial of floods
 Y - a phantom mirror
 Z - a box of beasts


   Skills:
 O Level 27 Fighting
 O Level 27 Axes
 - Level 1.0 Ranged Weapons
 - Level 20.0 Throwing
 + Level 21.5 Armour
 + Level 12.1 Dodging
 - Level 4.0 Shields
 - Level 2.0 Spellcasting
 - Level 22.0 Invocations
 - Level 15.0 Evocations


You had 28 spell levels left.
You knew the following spells:

 Your Spells              Type           Power      Damage    Failure   Level
a - Wereblood             Tmut           0%         N/A       96%         2

Your spell library contained the following spells:

 Spells                   Type           Power      Damage    Failure   Level
 Apportation              Tloc           0%         N/A       88%         1
 Beastly Appendage        Tmut           0%         N/A       88%         1
 Magic Dart               Conj           0%         1d3       88%         1
 Necrotise                Necr           0%         1d4       88%         1
 Sting                    Tmut/Pois      0%         1d3       88%         1
 Summon Small Mammal      Summ           0%         N/A       88%         1
 Call Imp                 Summ           0%         N/A       96%         2
 Ensorcelled Hibernation  Hex/Ice        0%         N/A       96%         2
 Passwall                 Tmut/Erth      0%         N/A       96%         2
 Poisonous Vapours        Pois/Air       0%         N/A       96%         2
 Static Discharge         Conj/Air       0%         3-3/arc   96%         2
 Sublimation of Blood     Necr           0%         N/A       96%         2
 Call Canine Familiar     Summ           0%         N/A       99%         3
 Conjure Flame            Conj/Fire      0%         6-21      99%         3
 Dazzling Flash           Conj/Hex       0%         N/A       99%         3
 Frozen Ramparts          Ice            0%         1d1       99%         3
 Gell's Gravitas          Tloc           0%         N/A       99%         3
 Ignite Poison            Fire/Tmut/Pois 0%         N/A       99%         3
 Lesser Beckoning         Tloc           0%         N/A       99%         3
 Mephitic Cloud           Conj/Pois/Air  0%         N/A       99%         3
 Ozocubu's Armour         Ice            0%         N/A       99%         3
 Portal Projectile        Hex/Tloc       0%         N/A       99%         3
 Spider Form              Tmut/Pois      0%         N/A       99%         3
 Summon Guardian Golem    Hex/Summ       0%         N/A       99%         3
 Swiftness                Air            0%         N/A       99%         3
 Teleport Other           Tloc           0%         N/A       99%         3
 Tukima's Dance           Hex            0%         N/A       99%         3
 Airstrike                Air            0%         2d(0-16)  100%        4
 Animate Dead             Necr           0%         N/A       100%        4
 Cause Fear               Hex            0%         N/A       100%        4
 Corpse Rot               Necr/Pois/Air  0%         N/A       100%        4
 Dispel Undead            Necr           0%         3d6       100%        4
 Fulminant Prism          Conj/Hex       0%         3d6       100%        4
 Ice Form                 Ice/Tmut       0%         N/A       100%        4
 Iskenderun's Mystic Bla  Conj/Tloc      0%         2d3       100%        4
 Olgreb's Toxic Radiance  Pois           0%         N/A       100%        4
 Petrify                  Tmut/Erth      0%         N/A       100%        4
 Sticky Flame             Conj/Fire      0%         2d3       100%        4
 Summon Ice Beast         Ice/Summ       0%         N/A       100%        4
 Summon Lightning Spire   Summ/Air       0%         N/A       100%        4
 Agony                    Necr           0%         N/A       100%        5
 Blade Hands              Tmut           0%         N/A       100%        5
 Borgnjor's Vile Clutch   Necr/Erth      0%         N/A       100%        5
 Freezing Cloud           Conj/Ice/Air   0%         6-21      100%        5
 Irradiate                Conj/Tmut      0%         3d11      100%        5
 Iskenderun's Battlesphe  Conj           0%         2d6       100%        5
 Lee's Rapid Deconstruct  Erth           0%         3d5*      100%        5
 Metabolic Englaciation   Hex/Ice        0%         N/A       100%        5
 Silence                  Hex/Air        0%         N/A       100%        5
 Yara's Violent Unravell  Hex/Tmut       0%         3d3       100%        5
 Conjure Ball Lightning   Conj/Air       0%         3x3d6     100%        6
 Death Channel            Necr           0%         N/A       100%        6
 Dispersal                Tloc           0%         N/A       100%        6
 Eringya's Noxious Bog    Tmut/Pois      0%         N/A       100%        6
 Iron Shot                Conj/Erth      0%         9d1       100%        6
 Simulacrum               Ice/Necr       0%         N/A       100%        6
 Enfeeble                 Hex            0%         N/A       100%        7
 Haunt                    Necr/Summ      0%         N/A       100%        7
 Malign Gateway           Summ/Tloc      0%         N/A       100%        7
 Ozocubu's Refrigeration  Ice            0%         4d7       100%        7
 Spellforged Servitor     Conj/Summ      0%         N/A       100%        7
 Storm Form               Tmut/Air       0%         N/A       100%        7
 Summon Hydra             Summ           0%         N/A       100%        7
 Ignition                 Fire           0%         3d3       100%        8
 Infestation              Necr           0%         N/A       100%        8
 Maxwell's Capacitive Co  Air            0%         ∞         100%        8
 Summon Horrible Things   Summ           0%         N/A       100%        8
 Shatter                  Erth           0%         3d5*      100%        9


Dungeon Overview and Level Annotations

Branches:
Dungeon (15/15)            Temple (1/1) D:4            Lair (5/5) D:10
 Shoals (4/4) Lair:2       Spider (4/4) Lair:2        Slime (0/5) Lair:4
    Orc (2/2) D:12            Elf (3/3) Orc:2        Vaults (5/5) D:14
  Crypt (0/3) Vaults:2     Depths (4/4) D:15            Zot (5/5) Depths:4
  IceCv (visited)         Desolation (visited)      Gauntlet (visited)

Altars:
Ashenzari
Cheibriados
Dithmenos
Elyvilon
Fedhas
Gozag
Hepliaklqana
Kikubaaqudgha
Makhleb
Nemelex Xobeh
Okawaru
Qazlal
Ru
Sif Muna
Trog
Uskayaw
Vehumet
Wu Jian
Xom
Yredelemnul
Zin
The Shining One
Jiyva
Lugonu

Shops:
D:1 :   D:7 !   D:8 =*   D:12 [(   Orc:2 [(!:   Elf:1 (   Shoals:2 [*(*
Vaults:1 *   Vaults:4 (   Vaults:5 :

Portals:
Hell: Depths:1 Depths:2 Depths:3 Depths:4
Abyss: D:10 Depths:3 Depths:4
Pandemonium: Depths:1 Depths:2
Ziggurat: Depths:1

Annotations:
D:7 corrupted
D:10 corrupted
D:15 corrupted
Spider:2 corrupted
Spider:4 1 exclusion
Elf:3 corrupted
Depths:4 corrupted
Abyss:1 Arachne; Cheops's ghost, novice MiFi; Louise; Nessos; Rangus's ghost, novice DrAE; Roxanne


Innate Abilities, Weirdness & Mutations

You are robust. (+10% HP)
You occasionally lose the ability to read scrolls when taking damage.
You expend magic power (3 MP) to strengthen your wands.


Message History

Unknown command.
You slice the sun demon!!
The sun demon is heavily wounded.
The sun demon blinks!
Unknown command.
Unknown command.
The sun demon hits you but does no damage. x2
You block the sun demon's attack.
You slice the sun demon!!
Space warps around the sun demon.
The sun demon is almost dead.
You slash the sun demon!
Space warps around the sun demon.
The sun demon hits you but does no damage.
Unknown command.
You chop the sun demon into pieces!!!
You kill the sun demon!
Lugonu accepts your kill.
You slice the sun demon!!
You kill the sun demon!
Lugonu accepts your kill.
Unknown command.
A tormentor comes into view.
Throw: 11 javelins (silver)
Press: ? - help, Shift-Dir - straight line, f - tormentor
Aim: a tormentor (74% to hit)
You throw a silver javelin.
The silver javelin pierces through the tormentor!!
You kill the tormentor!
Lugonu accepts your kill.
Unknown command.
A ynoxinul comes into view.
You throw a boomerang.
The boomerang closely misses the ynoxinul.
You throw a boomerang. The boomerang hits the ynoxinul!!!
You kill the ynoxinul!
Lugonu accepts your kill.
There is an open gate here.
There is an open door here.
There is an open door here.
There is a staircase leading out of the dungeon here.
You have escaped!

.#.#.#...#.#.≈§≈○≈≈§.#
.........#.#..≈≈≈≈≈..
...........##...≈...#
.......##### ####### ####
##.#.###..## #≈.≈# ##..## ####
##.#.##....# ##'## ##..§§# #...
.#.#.##....####...####.#§.####...
.#.#..#..#.#.#.....#8#§§..'.##...
.#.#..#....#.'..@..'.§§§.#'.##...
...#..#....#.#..>..#8#§§..'......
...#.##....####...####.§§§##.#...
...#.##....# ##+## ##....#..'...
...#.###..## ##≈.≈## ##..##..#...
...#.# #### ###############..####
...#.#### ##.......##....#...# #
.).#.##.####.........#.##.#...# #
...#.##.##.#.........#........# #


There were no monsters in sight!

Vanquished Creatures
  A pandemonium lord (D:15)
  A dread lich (Zot:5)
  7 ancient liches
  3 orbs of fire
  4 Killer Klowns (Zot:5)
  Margery (Vaults:4)
  Saint Roka (Vaults:4)
  4 caustic shrikes (Depths:4)
  Frederick (Vaults:4)
  2 curse toes (Zot:4)
  4 golden dragons
  Nikola (Spider:4)
  2 bone dragons (Depths:4)
  4 electric golems
  Jorgrun (Spider:2)
  14 tentacled monstrosities
  18 Orb Guardians
  A lich (Vaults:5)
  A titan (Depths:4)
  2 deep elf blademasters (Elf:3)
  2 deep elf master archers (Elf:3)
  An Executioner (Zot:4)
  13 sphinxes
  4 death cobs
  A kraken (Shoals:4)
  4 quicksilver dragons
  2 tentacled starspawn (Abyss:1)
  5 tengu reavers
  5 shadow dragons
  8 storm dragons
  3 draconian knights
  2 iron dragons
  3 draconian monks
  A frost giant (shapeshifter) (Depths:3)
  6 emperor scorpions
  4 orc warlords
  5 fire giants
  2 imperial myrmidons (Desolation)
  2 deep elf sorcerers
  7 draconian shifters
  Aizul (Spider:1)
  6 frost giants
  9 vault wardens
  A balrug (D:1)
  A ghost moth (shapeshifter) (Depths:3)
  A deep elf elementalist (Elf:3)
  5 draconian scorchers
  13 stone giants
  18 ironbound preservers
  10 draconian stormcallers
  3 draconian annihilators
  2 spriggan defenders (Depths:4)
  3 war gargoyles
  35 very ugly things
  A stone giant (shapeshifter) (Depths:3)
  2 vampire knights (Depths:4)
  2 deep elf demonologists (Elf:3)
  A starcursed mass (Abyss:1)
  12 green draconians
  5 red draconians
  7 ironbound thunderhulks
  5 deep elf annihilators
  3 spark wasps
  2 entropy weavers
  3 black draconians
  7 purple draconians
  3 minotaurs
  7 dire elephants
  2 halazid warlocks (Desolation)
  13 yellow draconians
  11 white draconians
  2 blizzard demons (Depths:3)
  An iron golem (Depths:1)
  4 deep elf death magi
  4 ettins
  8 fire dragons
  3 ragged hierophants (Desolation)
  4 merfolk impalers
  A merfolk javelineer (Shoals:3)
  7 great orbs of eyes
  2 jiangshi (Depths:1)
  3 deep elf high priests
  17 yaktaur captains
  3 ice dragons
  6 servants of whispers (Desolation)
  Erolcha (Orc:2)
  33 vault guards
  4 hydras
  4 peacekeepers (Desolation)
  8 boulder beetles
  2 hell beasts
  4 radroaches
  9 ironbound frosthearts
  An alligator snapping turtle (Shoals:3)
  A jorogumo (shapeshifter) (Depths:3)
  A jorogumo (Spider:4)
  3 merfolk avatars
  3 ogre magi (Vaults:5)
  40 dancing weapons
  2 merfolk aquamancers
  3 spriggan air magi
  9 centaur warriors
  4 catoblepae
  4 two-headed ogres
  9 satyrs (Shoals:4)
  2 tengu warriors
  7 deep troll earth magi
  4 spriggan berserkers
  2 deep troll shamans
  2 vampire magi (Depths:1)
  An alligator snapping turtle (shapeshifter) (Depths:3)
  3 orc high priests (Orc:2)
  9 death yaks
  A thrashing horror (Abyss:1)
  12 hell hogs
  11 hell knights
  6 sun demons
  9 deep elf knights
  4 soul eaters
  A wretched star (Abyss:1)
  Sonja (Lair:5)
  4 pharaoh ants
  An iron troll (Depths:1)
  4 skeletal warriors
  3 sun moths
  6 steelbarb worms
  59 deep trolls
  A sixfirhy (Zot:1)
  11 sea snakes
  7 wizards
  Lodul (D:13)
  6 deep elf archers
  8 lindwurms
  A lindwurm (shapeshifter) (Depths:3)
  14 orb spiders
  4 obsidian statues (Depths:3)
  10 glowing orange brains
  2 flayed ghosts (Depths:2)
  A fenstrider witch simulacrum (Abyss:1)
  9 ironbound convokers
  5 phantasmal warriors
  8 deep elf zephyrmancers
  17 orc knights
  27 harpies
  6 necromancers
  10 cyclopes
  An anaconda skeleton (Abyss:1)
  24 deep elf pyromancers
  43 ugly things
  2 wolf spiders (shapeshifter) (Depths:3)
  12 fauns
  11 manticores
  7 orc sorcerers
  21 wolf spiders
  21 moths of wrath
  An oklob plant (Lair:4)
  A salamander (Depths:2)
  6 merfolk sirens
  A toenail golem (Depths:1)
  2 worldbinders (Abyss:1)
  21 vault sentinels
  7 elephants (Lair:5)
  3 guardian serpents
  A guardian serpent (shapeshifter) (Elf:3)
  A stone giant skeleton (Vaults:2)
  8 water nymphs
  4 molten gargoyles (Desolation)
  A gargoyle (D:14)
  3 ice statues (IceCv)
  4 torpor snails
  An apocalypse crab (Gauntlet)
  5 smoke demons
  A black mamba (Lair:1)
  2 orange demons
  6 large abominations
  11 cane toads
  3 unseen horrors
  A kobold demonologist (D:7)
  9 komodo dragons
  A yaktaur (shapeshifter) (D:15)
  6 demonic crawlers
  20 rime drakes
  3 centaur skeletons
  22 yaktaurs
  2 tengu conjurers
  A tormentor (D:1)
  A hellwing (D:10)
  An elf skeleton (Vaults:2)
  2 freezing wraiths
  10 trolls
  A harpy zombie (D:15)
  2 meliai (shapeshifter)
  2 meliai (Spider:4)
  28 merfolk
  28 tarantellas
  2 polar bears
  A raiju (D:10)
  13 hornets
  23 dream sheep
  22 slime creatures
  16 blink frogs
  10 wind drakes
  A hornet (shapeshifter) (Depths:3)
  46 saltlings
  30 jumping spiders
  9 snapping turtles
  18 culicivoras
  12 air elementals
  2 shadows
  A vampire (D:13)
  A spriggan (Depths:4)
  Sigmund (D:2)
  6 wyverns
  4 wraiths
  A dire elephant simulacrum (IceCv)
  20 water elementals
  49 yaks
  8 basilisks
  A yak (shapeshifter) (Vaults:5)
  2 ynoxinuls
  A chaos spawn (D:15)
  10 fire elementals
  A hog (shapeshifter) (D:14)
  16 humans (D:14)
  4 vampire mosquitoes (D:12)
  A steam dragon (D:9)
  50 redbacks
  3 acid dragons
  A hydra simulacrum (IceCv)
  2 wargs
  2 floating eyes
  A hell hound (Gauntlet)
  17 water moccasins
  28 orc warriors
  2 black bears (Lair:5)
  8 small abominations
  12 wolves
  15 ogres
  2 centaurs
  2 phantoms
  10 bullfrogs
  A kobold brigand (D:9)
  16 earth elementals
  7 scorpions
  5 necrophages
  3 wights (D:8)
  2 elephant simulacra (IceCv)
  6 killer bees (D:11)
  An electric eel (Spider:1)
  6 howler monkeys
  3 hounds
  10 orc priests
  A jelly (D:5)
  3 gnoll boudas
  Jessica (D:3)
  4 iguanas
  18 orc wizards
  2 polar bear simulacra (IceCv)
  5 hell rats (Lair:3)
  A wolf simulacrum (IceCv)
  9 gnolls
  12 adders
  4 shadow imps
  15 white imps
  6 worms
  A dart slug (D:4)
  79 orcs
  8 ball pythons
  8 endoplasms
  2 giant cockroaches (D:1)
  6 goblins
  5 hobgoblins
  18 jackals
  8 kobolds
  3 quokkas
  8 bats
  2 frilled lizards
  5 rats (D:3)
  A spectral orc (D:10)
  A bush (Lair:3)
  A starspawn tentacle (Abyss:1)
  2 tentacles (Shoals:4)
2018 creatures vanquished.

Vanquished Creatures (collateral kills)
  A dread lich (Vaults:5)
  A tengu reaver (Vaults:5)
  A deep elf elementalist (Elf:3)
  2 deep elf demonologists (Elf:3)
  2 deep elf annihilators (Elf:3)
  A deep elf death mage (Elf:3)
  A yaktaur captain (Vaults:5)
  2 jorogumos (Spider:4)
  A dancing weapon (Elf:3)
  A merfolk (Shoals:2)
13 creatures vanquished.

Vanquished Creatures (others)
  2 caustic shrikes (Depths:4)
  A bone dragon (Depths:4)
  A tengu reaver (Depths:4)
  A storm dragon (Depths:4)
  A fire giant (Depths:4)
  A draconian stormcaller (Depths:4)
  3 very ugly things
  A broodmother (Spider:2)
  A vampire knight (Depths:4)
  A deep elf demonologist (Elf:3)
  3 deep elf annihilators (Elf:3)
  A yellow draconian (Depths:4)
  An entropy weaver (Spider:2)
  A deep elf death mage (Elf:3)
  A spriggan air mage (Depths:4)
  A boulder beetle (D:15)
  A deep troll shaman (Depths:4)
  A dancing weapon (Elf:3)
  4 skeletal warriors (D:15)
  An orb spider (Spider:2)
  An ironbound convoker (Vaults:3)
  3 harpies
  2 deep elf zephyrmancers
  A cyclops (D:10)
  An orc knight (D:15)
  An orc sorcerer (D:15)
  2 naga magi (D:15)
  A torpor snail (Spider:2)
  3 kobold demonologists (D:7)
  A tengu conjurer (Depths:4)
  A merfolk (Shoals:3)
  4 culicivoras (Spider:2)
  3 jumping spiders
  3 water elementals
  A wyvern (D:10)
  7 yaks (D:10)
  A basilisk (D:10)
  6 redbacks (Spider:2)
  2 floating eyes
  An orc warrior (D:15)
  A black bear (D:10)
  4 kobold brigands (D:7)
  An orc priest (Orc:2)
  A hound (D:7)
  An orc wizard (D:15)
  A white imp (D:7)
  An orc (D:15)
  A rat (D:3)
  13 ball lightnings (Depths:3)
  A bush (Lair:5)
  A demonic plant (Gauntlet)
  54 fungi
  137 plants
  49 starspawn tentacles
  6 tentacles (Shoals:4)
345 creatures vanquished.

Grand Total: 2376 creatures vanquished

Notes
Turn   | Place    | Note
-------+----------+-------------------------------------------
     0 | D:1      | wingedge the Hill Orc Fighter began the quest for the Orb.
     0 | D:1      | Reached XP level 1. HP: 19/19 MP: 1/1
    65 | D:1      | Found a faded altar of an unknown god.
   162 | D:1      | Prayed at the altar of an unknown god.
   162 | D:1      | Became a worshipper of Lugonu the Unformed
   162 | D:1      | Reached * piety under Lugonu
   162 | D:1      | Reached ** piety under Lugonu
   257 | D:1      | Reached XP level 2. HP: 26/27 MP: 2/2
   260 | D:1      | Reached skill level 1 in Invocations
   846 | D:1      | Reached XP level 3. HP: 27/34 MP: 4/4
  1058 | D:1      | Found Don Dop's Vocational Training.
  1285 | D:2      | Noticed Sigmund
  1457 | D:2      | Reached skill level 5 in Fighting
  1643 | D:2      | Reached *** piety under Lugonu
  1660 | D:2      | Reached XP level 4. HP: 42/42 MP: 5/5
  2054 | D:3      | Found a stormy altar of Qazlal.
  2153 | D:3      | Noticed a moth of wrath
  2156 | D:3      | Found a bloodstained altar of Trog.
  2543 | D:3      | Found a shimmering blue altar of Sif Muna.
  3020 | D:3      | Noticed Jessica
  3025 | D:3      | Killed Jessica
  3026 | D:3      | Reached XP level 5. HP: 48/48 MP: 7/7
  3095 | D:4      | Found a staircase to the Ecumenical Temple.
  3104 | Temple   | Entered the Ecumenical Temple
  3340 | D:4      | Reached skill level 1 in Spellcasting
  3980 | D:4      | Found a radiant altar of Vehumet.
  3980 | D:4      | Noticed an ogre
  3990 | D:4      | Killed an ogre
  3991 | D:4      | Reached skill level 5 in Axes
  3991 | D:4      | Reached XP level 6. HP: 52/56 MP: 7/9
  4265 | D:4      | Found a sacrificial altar of Ru.
  4518 | D:4      | Found a sparkling altar of Nemelex Xobeh.
  4613 | D:4      | Reached skill level 5 in Invocations
  5003 | D:4      | Reached XP level 7. HP: 52/61 MP: 10/10
  5346 | D:5      | Entered Level 5 of the Dungeon
  5545 | D:2      | Killed Sigmund
  5848 | D:5      | Reached XP level 8. HP: 37/73 MP: 11/11
  6202 | D:5      | Reached **** piety under Lugonu
  6346 | D:5      | Found a runed translucent door.
  6347 | D:5      | Noticed Rangus's ghost (novice DrAE)
  6365 | D:5      | Found a glowing golden altar of the Shining One.
  6367 | D:5      | Found a sacrificial altar of Ru.
  6367 | D:5      | Found a snail-covered altar of Cheibriados.
  6418 | D:5      | Found a blossoming altar of Fedhas.
  6418 | D:5      | Found a blossoming altar of Fedhas.
  6418 | D:5      | Found a shimmering altar of Xom.
  6654 | D:5      | Reached skill level 1 in Dodging
  6906 | D:5      | Banished Rangus's ghost
  6907 | D:5      | Reached XP level 9. HP: 45/81 MP: 8/14
  7536 | D:6      | Reached skill level 10 in Axes
  7992 | D:6      | Found an ornate altar of the Wu Jian Council.
  8194 | D:6      | Found a glowing golden altar of the Shining One.
  8194 | D:6      | Found a hide-covered altar of Uskayaw.
  8201 | D:6      | Found a snail-covered altar of Cheibriados.
  8203 | D:6      | Found an ancient bone altar of Kikubaaqudgha.
  8204 | D:6      | Found a blossoming altar of Fedhas.
  9579 | D:7      | Found the +7 Throatcutter {drain, coup de grace}
  9579 | D:7      | Noticed a kobold demonologist
  9579 | D:7      | Noticed a kobold demonologist
  9579 | D:7      | Noticed a kobold demonologist
  9579 | D:7      | Noticed a kobold demonologist
  9584 | D:7      | Noticed a rust devil
  9585 | D:7      | Corrupted D:7
  9585 | D:7      | Noticed a profane servitor
  9585 | D:7      | Noticed a tentacled starspawn
  9585 | D:7      | Noticed an orange demon
  9585 | D:7      | Noticed a smoke demon
  9586 | D:7      | Killed a kobold demonologist
  9587 | D:7      | Reached skill level 5 in Armour
  9587 | D:7      | Reached XP level 10. HP: 62/90 MP: 8/16
  9587 | D:7      | Noticed a bone dragon
  9588 | D:7      | Noticed a large abomination
  9588 | D:7      | Noticed a purple draconian shifter
  9589 | D:7      | Noticed a large abomination
  9589 | D:7      | Noticed a tentacled starspawn
  9589 | D:7      | Noticed a thrashing horror
  9589 | D:7      | Killed a kobold demonologist
  9591 | D:7      | Killed a kobold demonologist
  9593 | D:7      | Killed a kobold demonologist
  9891 | D:7      | Found Bena Men's Distillery.
  9899 | D:7      | Bought a potion of lignification for 33 gold pieces
  9899 | D:7      | Bought a potion of berserk rage for 55 gold pieces
  9899 | D:7      | Bought a potion of might for 44 gold pieces
  9899 | D:7      | Bought a potion of resistance for 110 gold pieces
  9907 | D:7      | Identified 2 scrolls of acquirement
  9908 | D:7      | Acquired the +2 helmet "Goasanav" {rElec rN+}
  9921 | D:7      | Acquired the ring of Cemujud {Drain Fly MP+9 Str+8 Dex-2}
 10262 | D:8      | Found Zontipa's Jewellery Shop.
 10586 | D:8      | Found a transporter.
 10592 | D:8      | Found a transporter.
 10643 | D:8      | Found a transporter.
 10683 | D:8      | Found Dilatz's Assorted Antiques.
 10686 | D:8      | Bought a scroll labelled DEANGOLORR for 26 gold pieces
 10686 | D:8      | Bought a fuming pink potion for 23 gold pieces
 10828 | D:8      | Found a transporter.
 10931 | D:9      | Reached skill level 10 in Invocations
 11379 | D:9      | Noticed a boulder beetle
 11398 | D:9      | Reached skill level 10 in Fighting
 11419 | D:9      | Banished a boulder beetle
 11420 | D:9      | Reached XP level 11. HP: 46/99 MP: 14/18
 11841 | D:9      | Noticed a two-headed ogre
 11855 | D:9      | Killed a two-headed ogre
 12247 | D:10     | Entered Level 10 of the Dungeon
 12394 | D:10     | Found a basalt altar of Yredelemnul.
 12477 | D:10     | Found a transporter.
 12512 | D:10     | Noticed a purple very ugly thing
 12542 | D:10     | Found a transporter.
 12577 | D:10     | Noticed a cyclops
 12753 | D:10     | Corrupted D:10
 12753 | D:10     | Noticed a glowing orange brain
 12753 | D:10     | Noticed a large abomination
 12754 | D:10     | Noticed a bone dragon
 12756 | D:10     | Noticed a two-headed ogre
 12757 | D:10     | Noticed a thrashing horror
 12803 | D:10     | Killed a cyclops
 12870 | D:10     | Found a one-way gate to the infinite horrors of the Abyss.
 12870 | D:10     | Noticed Cheops's ghost (novice MiFi)
 12905 | D:10     | Found a staircase to the Lair.
 12954 | D:10     | Found an opulent altar of Gozag.
 12998 | D:11     | Noticed a skeletal warrior
 13059 | D:11     | Reached skill level 1 in Throwing
 13126 | D:11     | Noticed a skeletal warrior
 13126 | D:11     | Noticed a skeletal warrior
 13585 | Lair:1   | Entered Level 1 of the Lair of Beasts
 14885 | Lair:2   | Reached XP level 12. HP: 49/108 MP: 20/20
 15206 | Lair:2   | Found a staircase to the Shoals.
 15337 | Lair:2   | Reached skill level 15 in Axes
 15576 | Lair:2   | Paralysed by a hornet for 2 turns
 16182 | Lair:2   | Found a hole to the Spider Nest.
 16447 | Lair:3   | Noticed a catoblepas
 16463 | Lair:3   | Killed a catoblepas
 16816 | Lair:3   | Noticed an eight-headed hydra
 16826 | Lair:3   | Banished an eight-headed hydra
 17199 | Lair:3   | Noticed a six-headed hydra
 17216 | Lair:3   | Banished a six-headed hydra
 17927 | Lair:3   | Reached skill level 5 in Throwing
 18019 | Lair:3   | Reached XP level 13. HP: 106/118 MP: 22/22
 18573 | Lair:4   | Reached skill level 10 in Armour
 19093 | Lair:4   | Reached ***** piety under Lugonu
 19354 | Abyss:1  | Noticed a starcursed mass
 19358 | Lair:4   | Escaped the Abyss
 19675 | Lair:4   | Found a viscous altar of Jiyva.
 19676 | Lair:4   | Found a staircase to the Slime Pits.
 20476 | Lair:5   | Entered Level 5 of the Lair of Beasts
 20481 | Lair:5   | Noticed Sonja
 20486 | Lair:5   | Killed Sonja
 20980 | Lair:5   | Reached skill level 5 in Dodging
 21017 | Lair:5   | Reached XP level 14. HP: 77/130 MP: 18/23
 23413 | D:10     | Banished Cheops's ghost
 23414 | D:10     | Reached skill level 1 in Evocations
 23414 | D:10     | Banished a purple very ugly thing
 24273 | D:11     | Identified the +1 chain mail of the Invisible Hand {Will+
                  | Str+5 Int-5}
 24823 | D:12     | Found a frozen archway.
 24851 | IceCv    | Entered an ice cave
 25208 | IceCv    | Got Uhadine's Encyclopedia of Conflagrant Graupel
 25381 | D:12     | Found Qeyd's Armour Emporium.
 25381 | D:12     | Found a staircase to the Orcish Mines.
 25381 | D:12     | Found Adigun's Weapon Emporium.
 25836 | D:12     | Reached skill level 5 in Evocations
 25836 | D:12     | Reached XP level 15. HP: 135/138 MP: 24/24
 26502 | Orc:1    | Entered Level 1 of the Orcish Mines
 27107 | Orc:2    | Entered Level 2 of the Orcish Mines
 27219 | Orc:2    | Noticed Erolcha
 27235 | Orc:2    | Killed Erolcha
 27408 | Orc:2    | Found a staircase to the Elven Halls.
 27699 | Orc:2    | Found Neymn's Armour Boutique.
 27709 | Orc:2    | Reached skill level 15 in Fighting
 28279 | Abyss:1  | Found a corrupted altar of Lugonu.
 28279 | Abyss:1  | Cast into level 1 of the Abyss (orc warrior)
 28424 | Abyss:1  | Noticed a tentacled starspawn
 28432 | Abyss:1  | Killed a tentacled starspawn
 28456 | Abyss:1  | Noticed a tentacled starspawn
 28477 | Abyss:1  | Found a bloodstained altar of Trog.
 28512 | Abyss:1  | Noticed a tentacled starspawn
 28524 | Abyss:1  | Killed a tentacled starspawn
 28630 | Abyss:1  | Found a shimmering blue altar of Sif Muna.
 28649 | Abyss:1  | Found a shimmering blue altar of Sif Muna.
 28731 | Abyss:1  | Found a shimmering blue altar of Sif Muna.
 29105 | Orc:2    | Escaped the Abyss
 29264 | Orc:2    | Found Evor Kait's Distillery.
 29290 | Orc:2    | Found Ukonar's Book Shoppe.
 29292 | Orc:2    | Found Nighenn's Antique Weapon Boutique.
 30246 | D:13     | Noticed Lodul
 30253 | D:13     | Killed Lodul
 30792 | D:13     | Identified the amulet of Jeobal {Reflect Will+ Int-3 Dex+2
                  | SH+5}
 31260 | D:14     | Noticed Nessos
 31260 | D:14     | Found a gate to the Vaults.
 31261 | D:14     | Banished Nessos
 31269 | D:14     | Reached XP level 16. HP: 127/155 MP: 22/26
 31275 | D:14     | Found a gate leading to a gauntlet.
 31446 | Gauntlet | Entered a Gauntlet
 31446 | Gauntlet | Found a transporter.
 31455 | Gauntlet | Found a transporter.
 31470 | Gauntlet | Found a transporter.
 31471 | Gauntlet | Found a transporter.
 31481 | Gauntlet | Found a transporter.
 31501 | Gauntlet | Found a transporter.
 31504 | Gauntlet | Found a transporter.
 31508 | Gauntlet | Found a transporter.
 31537 | Gauntlet | Found a transporter.
 31539 | Gauntlet | Found a transporter.
 31542 | Gauntlet | Found a transporter.
 31553 | Gauntlet | Found a transporter.
 31633 | Gauntlet | Identified the ring "Qosagoh" {Will- Str+4 Int+6 Dex+4
                  | Slay+3}
 31844 | Gauntlet | Identified the ring of Paranoia {rF+ rC+ rN++ Str-3}
 31862 | Gauntlet | Reached XP level 17. HP: 152/161 MP: 27/27
 31882 | Gauntlet | Identified the +1 hat "Kadacem" {+Blink rC+++ Dex-3 Slay+3}
 32955 | D:15     | Entered Level 15 of the Dungeon
 33367 | D:15     | Found a glowing golden altar of the Shining One.
 33447 | D:15     | Corrupted D:15
 33447 | D:15     | Noticed a bone dragon
 33447 | D:15     | Noticed a tentacled starspawn
 33447 | D:15     | Noticed a tentacled starspawn
 33447 | D:15     | Noticed a bone dragon
 33850 | D:15     | Found a staircase to the Depths.
 34606 | Spider:1 | Entered Level 1 of the Spider Nest
 36874 | D:1      | Bought a manual of Evocations for 960 gold pieces
 37088 | D:8      | Bought a ring of see invisible for 195 gold pieces
 37229 | Spider:2 | Noticed Aizul
 37249 | Spider:1 | Killed Aizul
 37678 | Spider:2 | Noticed Jorgrun
 37690 | Spider:2 | Killed Jorgrun
 37701 | Spider:2 | Corrupted Spider:2
 37701 | Spider:2 | Noticed a tentacled starspawn
 37708 | Spider:2 | Reached XP level 18. HP: 38/171 MP: 20/28
 38754 | Spider:3 | Reached skill level 10 in Throwing
 39907 | Spider:4 | Entered Level 4 of the Spider Nest
 40972 | Spider:4 | Noticed Arachne
 40974 | Spider:4 | Banished Arachne
 40975 | Spider:4 | Reached skill level 10 in Evocations
 41011 | Spider:4 | Noticed Nikola
 41056 | Abyss:1  | HP: 3/173 [tarantella (8)]
 41058 | Spider:4 | Escaped the Abyss
 41059 | Spider:4 | Killed Nikola
 41065 | Spider:4 | HP: 1/173 [tarantella (4)]
 41086 | Spider:4 | Noticed Louise
 41087 | Spider:4 | Banished Louise
 41660 | Spider:4 | Reached skill level 15 in Invocations
 42437 | Spider:4 | Got a gossamer rune of Zot
 42756 | Shoals:1 | Entered Level 1 of the Shoals
 42883 | Shoals:1 | Reached XP level 19. HP: 135/181 MP: 30/30
 43060 | Shoals:1 | Noticed Roxanne
 43073 | Shoals:1 | Banished Roxanne
 44465 | Shoals:2 | Identified the +1 glaive "Vamm" {elec, rC+ Int+2 Stlth-}
 45476 | Shoals:2 | Identified the +1 ring mail "Idopuneu" {Regen+ Str+7 Dex-2
                  | Slay+6}
 46838 | Shoals:2 | Found Siakk's Visitors' Centre.
 46838 | Shoals:2 | Found Siakk's Merfolk Weapons.
 46843 | Shoals:2 | Found Siakk's Merfolk Magic.
 46843 | Shoals:2 | Found Siakk's Merfolk Armours.
 46861 | Shoals:2 | Bought a throwing net for 48 gold pieces
 46998 | Shoals:2 | Learned a level 2 spell: Wereblood
 47521 | Shoals:3 | Found a flickering gateway to a bazaar.
 47527 | Bazaar   | Entered a bazaar
 47527 | Bazaar   | Found Riubluam's Distillery.
 47598 | Bazaar   | Found Waluasui's Armour Emporium.
 47606 | Bazaar   | Found Lemuw's Antique Weapon Emporium.
 47613 | Bazaar   | Found Nyrchauti's Magic Scroll Boutique.
 47618 | Bazaar   | Found Ysicri's General Store.
 47698 | Bazaar   | Bought the +10 plate armour of the Garden {rElec rF+ Will+}
                  | for 1693 gold pieces
 47730 | Bazaar   | Bought a scroll of blinking for 82 gold pieces
 47754 | Bazaar   | Bought a potion of heal wounds for 60 gold pieces
 47754 | Bazaar   | Bought a potion of heal wounds for 60 gold pieces
 48265 | Shoals:4 | Entered Level 4 of the Shoals
 51183 | Shoals:4 | Got a barnacled rune of Zot
 51324 | Shoals:4 | Reached XP level 20. HP: 193/193 MP: 31/31
 52227 | Vaults:1 | Entered Level 1 of the Vaults
 52814 | Vaults:1 | Reached skill level 15 in Armour
 54029 | Vaults:1 | Found Ekhanub's General Store.
 54752 | Vaults:2 | Found a staircase to the Crypt.
 55199 | Vaults:2 | Reached XP level 21. HP: 88/202 MP: 32/32
 55556 | Vaults:2 | Reached ****** piety under Lugonu
 57000 | Vaults:3 | Identified a +2 executioner's axe of distortion (a +0
                  | executioner's axe corrupted by Lugonu)
 57000 | Vaults:3 | Received a gift from Lugonu
 57822 | Vaults:3 | Reached skill level 15 in Evocations
 59165 | Vaults:4 | Noticed Saint Roka
 59386 | Vaults:4 | Noticed Frederick
 59408 | Vaults:4 | Killed Frederick
 59488 | Vaults:4 | Killed Saint Roka
 60553 | Vaults:4 | Reached skill level 10 in Dodging
 60576 | Vaults:4 | Reached XP level 22. HP: 117/213 MP: 34/34
 61002 | Vaults:4 | Noticed Margery
 61017 | Vaults:4 | Killed Margery
 61240 | Vaults:4 | Found Iblosom's Antique Weapon Emporium.
 61925 | Elf:1    | Entered Level 1 of the Elven Halls
 62021 | Elf:1    | Found a crumbling gateway.
 62032 | Desolati | Entered the Desolation of Salt
 62101 | Desolati | Identified the ring of Mesmyg {Int-2 Dex+5 SInv}
 62205 | Desolati | Identified the +1 robe "Akyfis" {rC+ Int+3 Dex-2}
 62531 | Desolati | Identified the ring "Cegutab" {Ice Int+2}
 62677 | Desolati | Identified the amulet of Muazion {RegenMP rElec rC+ rCorr}
 62691 | Desolati | Identified the ring "Kurotronk" {rF+ Will+ Stlth+}
 62923 | Desolati | Identified the amulet "Jutet" {rElec Regen+ rCorr MP-9}
 62948 | Desolati | Identified the +8 rapier "Zieloiz" {freeze, rC+ rN+ Str-4}
 62950 | Desolati | Identified the +0 chain mail of the Arcane {rPois rC+
                  | Str+4}
 63027 | Desolati | Identified the +5 scimitar of Radicalism {freeze, rC+}
 63552 | Elf:1    | Found Tutzav's Weapon Boutique.
 63825 | Elf:1    | Got Sif Muna's Textbook on Overcast Shapes
 63827 | Elf:1    | Got Kulitunaopp's Almanac of Morbid Illusion
 63829 | Elf:1    | Identified the +4 ring mail "Lagijuar" {Dex+4}
 63830 | Elf:1    | Identified the +3 leather armour of Rasos {Dex+4}
 64394 | Elf:2    | Found a huge runed translucent gate.
 64394 | Elf:2    | Found a huge runed translucent gate.
 64409 | Elf:2    | Found a huge runed translucent gate.
 64411 | Elf:2    | Found a huge runed translucent gate.
 64411 | Elf:2    | Found a huge runed translucent gate.
 64620 | Elf:2    | Paralysed by an air elemental for 1 turns
 64820 | Elf:2    | Reached skill level 27 in Axes
 65296 | Elf:3    | Entered Level 3 of the Elven Halls
 65732 | Elf:3    | Reached XP level 23. HP: 217/223 MP: 27/36
 65764 | Elf:3    | Paralysed by an air elemental for 1 turns
 65856 | Elf:3    | Corrupted Elf:3
 65856 | Elf:3    | Identified the +7 great sword of the Enchanting Wasp
                  | {drain, rC+ Str+4}
 66282 | Elf:3    | Identified the +6 quarterstaff of Integrity {venom, rN+}
 66283 | Elf:3    | Identified the +1 plate armour "Oreqag" {rF+ Str+3}
 66288 | Elf:3    | Identified the +4 ring mail of Huczy {Fly rPois Int+5}
 66292 | Elf:3    | Identified the +4 arbalest of Arcadian Forgiveness {freeze,
                  | rF- Will+ Int+9 Stlth+}
 66398 | Elf:3    | Got the Excursus on the Shocking Inferno
 66421 | Elf:3    | Identified the +7 executioner's axe of Gehenna {vorpal,
                  | rPois rC+ Will++ Dex-3}
 67029 | Vaults:5 | Entered Level 5 of the Vaults
 67114 | Vaults:5 | Noticed a golden dragon
 67120 | Vaults:5 | Killed a golden dragon
 67479 | Vaults:5 | Identified the ring of Attitude {Fire Str+5 Int-4}
 67480 | Vaults:5 | Identified the ring of Zob Yviz {rPois Str+5 Int+4}
 67594 | Vaults:5 | Found Roryaleb's Book Shop.
 67731 | Vaults:5 | Identified the +4 sling "Nomuupn" {freeze, rF+}
 67842 | Vaults:5 | Identified the +1 chain mail of Izaich {MP+9 Int+2}
 67921 | Vaults:5 | Noticed an ancient lich
 67934 | Vaults:5 | Banished an ancient lich
 68271 | Vaults:5 | Found the +8 Vampire's Tooth {vamp}
 68272 | Vaults:5 | Found the necklace of Bloodlust {*Rage Will++ Int-3 Slay+6}
 68283 | Vaults:5 | Reached XP level 24. HP: 204/233 MP: 28/37
 68295 | Vaults:5 | Found the +3 giant club "Skullcrusher" {speed, Str+7}
 68335 | Vaults:5 | Got the Collected Works on the Boulder and Jinxing
 68336 | Vaults:5 | Identified the ring "Usykhladgh" {Fire Str+7}
 68350 | Vaults:5 | Identified the ring of Qisehuill {Drain rC+ EV+4 Dex+4
                  | Stlth+}
 68479 | Vaults:5 | Found the +9 heavy crossbow "Sniper" {vorpal, Acc+∞ SInv}
 68480 | Vaults:5 | Noticed an ancient lich
 68490 | Vaults:5 | Killed an ancient lich
 68496 | Vaults:5 | Got a silver rune of Zot
 68511 | Vaults:5 | Noticed a dread lich
 68513 | Vaults:5 | Killed a dread lich
 68733 | Vaults:5 | Got Serphiat's Parchment of Entrancing Lightning
 68855 | Vaults:5 | Reached skill level 1 in Ranged Weapons
 69453 | Depths:1 | Entered Level 1 of the Depths
 69561 | Depths:1 | Found a one-way gateway to a ziggurat.
 69562 | Depths:1 | Found a one-way gate leading to the halls of Pandemonium.
 69743 | Depths:1 | Reached skill level 15 in Throwing
 69909 | Depths:1 | Found a gateway to Hell.
 70058 | Depths:1 | Found a stormy altar of Qazlal.
 70314 | Depths:1 | Found a snail-covered altar of Cheibriados.
 71852 | Depths:2 | Identified the ring "Boor Ula" {rElec rF++ Will+ Int+4}
 71869 | Depths:2 | Reached XP level 25. HP: 166/243 MP: 29/38
 72382 | Depths:3 | Paralysed by an air elemental for 1 turns
 72390 | Depths:3 | Paralysed by an air elemental for 1 turns
 72429 | Depths:3 | Paralysed by an air elemental for 1 turns
 72478 | Depths:3 | Identified the +4 dire flail of the Vendetta {chaos, rC-
                  | Str+7 Int+5}
 72592 | Depths:3 | Paralysed by an air elemental for 1 turns
 72900 | Depths:3 | Paralysed by an air elemental for 1 turns
 73265 | Depths:3 | Gained mutation: You are dopey. (Int -2) [a neqoxec]
 73352 | Depths:3 | Identified the +6 battleaxe of Soft Offence {drain, Will+
                  | Int+3}
 73353 | Depths:3 | Identified the +9 battleaxe of the Philosopher {drain,
                  | *Slow rElec rPois SInv}
 73400 | Depths:3 | Identified the ring of the Hero {rF- rCorr Slay+2 SInv}
 73563 | Depths:3 | Identified the +3 leather armour of Negligence {Contam rC+
                  | Dex+5}
 73689 | Depths:4 | Entered Level 4 of the Depths
 74046 | Depths:4 | Corrupted Depths:4
 75449 | Depths:4 | Found a gate to the Realm of Zot.
 76303 | Depths:4 | Reached XP level 26. HP: 250/257 MP: 17/38
 76809 | Depths:4 | Found a corrupted altar of Lugonu.
 76872 | Zot:1    | Entered Level 1 of the Realm of Zot
 78234 | Zot:2    | Noticed an orb of fire
 78234 | Zot:2    | Gained mutation: You sometimes lose your temper in combat.
                  | [an orb of fire]
 78259 | Zot:2    | Killed an orb of fire
 78344 | Zot:2    | Lost mutation: You sometimes lose your temper in combat.
                  | [potion of mutation]
 78344 | Zot:2    | Lost mutation: You are dopey. (Int -2) [potion of mutation]
 78344 | Zot:2    | Gained mutation: Armour fits poorly on your strangely
                  | shaped body. [potion of mutation]
 78344 | Zot:2    | Gained mutation: You have very sharp teeth. [potion of
                  | mutation]
 78345 | Zot:2    | Lost mutation: Armour fits poorly on your strangely shaped
                  | body. [potion of mutation]
 78345 | Zot:2    | Lost mutation: You have very sharp teeth. [potion of
                  | mutation]
 78345 | Zot:2    | Gained mutation: You expend magic power (3 MP) to
                  | strengthen your wands. [potion of mutation]
 78345 | Zot:2    | Gained mutation: You are robust. (+10% HP) [potion of
                  | mutation]
 78485 | Zot:2    | You fall into a shaft and drop 1 floor!
 83899 | Zot:4    | Reached XP level 27. HP: 252/297 MP: 38/38
 84448 | Zot:5    | Entered Level 5 of the Realm of Zot
 84837 | Zot:5    | Noticed an ancient lich
 84844 | Zot:5    | Noticed a dread lich
 84852 | Zot:5    | Killed an ancient lich
 84858 | Zot:5    | Killed a dread lich
 85352 | Zot:5    | Noticed an ancient lich
 85354 | Zot:5    | Noticed an orb of fire
 85359 | Zot:5    | Killed an orb of fire
 85364 | Zot:5    | Killed an ancient lich
 85383 | Zot:5    | Noticed an ancient lich
 85397 | Zot:5    | Killed an ancient lich
 85690 | Zot:5    | Reached skill level 27 in Fighting
 85815 | Zot:5    | Noticed an orb of fire
 85818 | Zot:5    | Killed an orb of fire
 86496 | Zot:5    | Noticed a dread lich
 86504 | Zot:5    | Banished a dread lich
 86817 | Zot:5    | Noticed an ancient lich
 86826 | Zot:5    | Killed an ancient lich
 86830 | Zot:5    | Noticed an ancient lich
 86844 | Zot:5    | Killed an ancient lich
 86923 | Zot:5    | Noticed an ancient lich
 86929 | Zot:5    | Killed an ancient lich
 87016 | Zot:5    | Got the Orb of Zot
 87333 | Zot:1    | Gained mutation: You occasionally lose the ability to read
                  | scrolls when taking damage. [a neqoxec]
 87414 | Depths:3 | Noticed Vomoaweuto the pandemonium lord
 87505 | D:15     | Noticed Pireul the pandemonium lord
 87515 | D:15     | Killed Pireul the pandemonium lord
 87834 | D:$      | Escaped with the Orb!

Illustrated notes

Levels and vault maps discovered:
D:1:      shiori_arrival_elements, layout_basic, ebering_ecumenical_altar_hall,
          nicolae_shop_vocational
D:2:      layout_basic, uniq_sigmund
D:3:      layout_basic, tgw_trog, overflow_temple_1_default,
          nicolae_overflow_crystal_walls, wad_floor_pattern_1, uniq_jessica
D:4:      layout_basic, nemelex_dance_club_becter,
          nicolae_ru_great_annihilating_truth, nicolae_vehumet_altar_sigil,
          minmay_temple_entry_purple_smoke, kennysheep_cluttered_room,
          grunt_decor_one_mirror
D:5:      layout_basic, doesnt_xom_only_xom, serial_glass, glass_columns_b,
          glass_columns_b, feat_on_display, due_unseen_surprise,
          item_on_display_a, minmay_strange_pillars, gammafunk_ghost_grave,
          minmay_fractal_squares_gapless_5
D:6:      layout_basic, pdpol_wu_jian_five_deadly_venoms,
          chequers_temple_overflow_minitemple, minmay_misc_feat_columns,
          minmay_misc_feat_alley
D:7:      layout_basic, serial_shops, shop, dilly_guarded_unrand_throatcut
D:8:      layout_rooms, serial_shops, nicolae_shop_behind_doors, shop_fountains,
          nrook_mini_vaults, kb_lookout_dungeons_type, minmay_misc_feat_pillars,
          nicolae_transporter_intersection
D:9:      layout_basic
D:10:     layout_cross, yredelemnul_forgotten_temple_becter,
          nicolae_gozag_cash_rules_everything_around_me, david_lair_generic,
          gammafunk_ghost_abyssal_escape, nrook_pool_corridor
D:11:     layout_gridville
D:12:     layout_layer_cave, orc_david_3, portal_ice_cave_entry_imps,
          lemuel_flamethrower_2
D:13:     layout_long_grid, hangedman_glass_teeth, minmay_door_square,
          uniq_lodul
D:14:     layout_rooms, david_vaults_3, gauntlet_entry_generic,
          bh_walls_and_bars, st_stairs_5
D:15:     grunt_enter_depths_magical_seal, layout_cave_pools,
          nicolae_tso_carved_into_rock, grunt_decor_fettered, hive_lemuel
Temple:   corrupted_temple
Lair:1:   layout_loops_ring, eino_small_chamber_without_monster,
          chequers_serial_rivers_small_a, lemuel_fruit_fields,
          grunt_megastairs_1
Lair:2:   layout_hall_layers, shoals_dummy_entry,
          hellmonk_spider_entry_life_and_decay, nicolae_quartered_pool_impasse,
          infiniplex_staircase_pool_2
Lair:3:   layout_roguey [special_room_mythical_zoo]
Lair:4:   layout_layer_cave, slime_entry_1, dreamdust_mushroom_princess
Lair:5:   grunt_lair_end_beastmaster, layout_regular_city,
          nicolae_lair_yak_garden, uniq_sonja
Shoals:1: layout_shoals, nicolae_shoals_dead_sea_scrolls, uniq_roxanne
Shoals:2: nicolae_shoals_mermall, layout_shoals
Shoals:3: layout_shoals, serial_shops, bzr_entry_safe,
          hangedman_shoals_cup_caves
Shoals:4: shoals_end_hellmonk_lost_city
Spider:1: layout_spider_delve
Spider:2: layout_spider_delve, uniq_jorgrun, uniq_aizul
Spider:3: layout_spider_delve
Spider:4: grunt_spider_rune_island, nicolae_spider_scorpion_nest, uniq_louise,
          uniq_arachne, uniq_nikola
Orc:1:    layout_diamond_mine, mines_bat_river
Orc:2:    st_orc_elflike, layout_diamond_mine, uniq_erolcha
Elf:1:    nicolae_elf_arrival_fired_up, layout_geoelf_octagon,
          portal_desolation_entry_salt, serial_shops,
          nicolae_shop_bloodbath_and_beyond, kennysheep_underground_church,
          lemuel_flamethrower_hall
Elf:2:    elven_hall_of_blades_hangedman_alternative
          [nicolae_blade_entry_pointy_end], layout_geoelf_octagon
Elf:3:    elf_hall_gauntlet_wide, layout_geoelf_diagonals, onia_ninara_cookie
Vaults:1: vaults_room_corners, v_pattern_4, v_misc_3, hangedman_vaults_trim,
          v_misc_15, vaults_dpeg_emergency_exit,
          nicolae_vaults_stairing_the_circle, nicolae_vaults_little_squares_4,
          nicolae_vaults_diagonal_hallway_6, nicolae_vaults_yaktaur_gun_rack,
          layout_vaults_omnicross, serial_shops, nicolae_shop_window_shopping
Vaults:2: hangedman_vaults_stretched_pinwheel, vaults_room_fours, v_misc_10,
          vaults_room_pools, vaults_mumra_hexcomb, v_misc_4, v_misc_2,
          st_spiral_rooms, layout_vaults_omnigrid
Vaults:3: vaults_dpeg_doors, v_misc_5, v_misc_12, nicolae_vaults_asterisk,
          st_hourglassy, nicolae_vaults_theta, hangedman_vaults_corner,
          vaults_room_door_hall, v_misc_24, ontoclasm_vaults_pinch,
          layout_vaults_chaotic_city
Vaults:4: grunt_vaults_hallway_long, vaults_room_grunt_arrival_ludios, v_misc_2,
          v_misc_33, hangedman_vaults_restitches, v_pattern_2, v_misc_24,
          nicolae_vaults_little_squares_2, ontoclasm_vaults_ring_square,
          v_misc_9, grunt_vaults_hallway_long, grunt_vaults_hallway_long,
          nicolae_vaults_little_squares_6, nicolae_vaults_little_squares_6,
          layout_vaults_maze_snakey, serial_shops, shop, uniq_frederick,
          uniq_margery, uniq_saint_roka
Vaults:5: serial_shops
Depths:1: layout_basic, enter_ziggurat_b, pan_entry,
          nicolae_qazlal_scattered_showers, grunt_hell_horde,
          nicolae_benzene_ring, chei_slow_surprise, serial_bayou_shore_b
Depths:2: cross_vault, layout_small_grid, hellmouth_3,
          chequers_serial_rivers_micro_c, pan_entry,
          nicolae_concentric_dashed_squares_wild, dk_noncrumbling_2
Depths:3: radiant_caverns_a_rkd, abyss_entry, hell_entry
Depths:4: grunt_x_marks_the_spot, layout_twisted_cross,
          pf_hell_entry_tar_spiral, abyss_entry_flame_altar,
          minmay_shattered_shrine
Zot:1:    layout_gridlike, drop_trap
Zot:2:    layout_gridlike, bh_zot_ikea_curve
Zot:3:    layout_concentric_octagons, grunt_megastairs_4
Zot:4:    lemuel_draconian_sentries, layout_basic
Zot:5:    layout_misc_corridors

Skill      XL: |  1  2  3  4  5  6  7  8  9 10 11 12 13 14 15 16 17 18 19 20 21 22 23 24 25 26 27 |
---------------+----------------------------------------------------------------------------------+-----
Axes           | 3 4 5 6 7 8 10 13 14 16 19 20 21 22 23 24 25 27 | 27.0
Fighting       | 4 5 7 8 10 12 13 14 17 18 19 20 21 22 23 24 26 27 | 27.0
Invocations    | 2 3 4 5 7 8 10 12 13 14 15 16 18 21 22 | 22.0
Spellcasting   | 1 2 |  2.0
Dodging        | 1 2 3 4 5 7 8 10 12 | 12.1
Armour         | 4 5 7 8 9 10 11 13 14 15 17 18 20 21 | 21.5
Throwing       | 2 5 8 9 10 12 13 14 16 17 19 20 | 20.0
Shields        | 4 |  4.0
Evocations     | 5 6 8 11 13 14 15 | 15.0
Ranged Weapons | 1 |  1.0

Action                   |  1- 3 |  4- 6 |  7- 9 | 10-12 | 13-15 | 16-18 | 19-21 | 22-24 | 25-27 || total
-------------------------+-------+-------+-------+-------+-------+-------+-------+-------+-------++-------
Melee: War axe           |   114 |   179 |   318 |   506 |   504 |       |       |       |       ||  1621
       Battleaxe         |       |       |       |       |   508 |   712 |   891 |    13 |    20 ||  2144
       Executioner's axe |       |       |       |       |     2 |       |   279 |  1257 |  1200 ||  2738
 Fire: Heavy crossbow    |       |       |       |       |       |       |       |     6 |       ||     6
Throw: Dart              |       |     3 |     6 |     4 |       |       |       |       |       ||    13
       Throwing net      |       |       |     1 |       |       |       |       |       |     7 ||     8
       Boomerang         |       |       |       |    16 |    43 |    49 |    64 |    24 |   117 ||   313
       Javelin           |       |       |       |       |       |    25 |    14 |    39 |    81 ||   159
Invok: Bend Space        |       |     2 |    18 |     3 |       |     5 |     4 |     4 |     3 ||    39
       Banish            |       |     1 |     2 |    14 |    10 |    11 |    10 |     9 |    27 ||    84
       Corrupt           |       |       |     1 |     1 |       |     2 |       |     1 |     1 ||     6
       Depart the Abyss  |       |       |       |       |     2 |     1 |       |       |       ||     3
       Enter the Abyss   |       |       |       |       |     1 |     1 |       |       |       ||     2
       Brand Weapon With |       |       |       |       |       |       |     1 |       |       ||     1
 Abil: Evoke Blink       |       |       |       |       |       |       |       |       |     1 ||     1
Evoke: Wand              |       |     4 |       |     3 |       |     2 |     9 |       |    15 ||    33
       Box of beasts     |       |       |       |       |       |     2 |     1 |     1 |       ||     4
       Phantom mirror    |       |       |       |       |       |     1 |     2 |     3 |       ||     6
       Phial of floods   |       |       |       |       |       |     1 |       |     1 |       ||     2
       Lightning rod     |       |       |       |       |       |       |     8 |       |       ||     8
  Use: Scroll            |       |     1 |       |    23 |     8 |     8 |     1 |     6 |     7 ||    54
       Potion            |       |     6 |       |       |     1 |     8 |     7 |     7 |    12 ||    41
 Stab: Paralysed         |       |     1 |       |       |       |       |       |       |       ||     1
       Petrified         |       |       |       |       |    11 |       |       |       |       ||    11
       Petrifying        |       |       |       |       |     3 |       |       |       |       ||     3
       Invisible         |       |       |       |       |       |     1 |       |       |       ||     1
       Confused          |       |       |       |       |       |       |       |       |     1 ||     1
Armor: Scale mail        |    69 |   100 |   114 |       |       |       |       |       |       ||   283
       Chain mail        |       |       |    18 |    56 |   317 |    30 |     4 |       |       ||   425
       Acid dragon scale |       |       |       |   167 |   201 |       |       |       |       ||   368
       Gold dragon scale |       |       |       |       |       |   516 |   299 |   180 |       ||   995
       Plate armour      |       |       |       |       |       |       |   414 |   532 |   905 ||  1851
Dodge: Dodged            |    51 |    84 |   119 |   200 |   391 |   216 |   481 |   373 |   441 ||  2356
       Repelled          |       |       |       |       |       |     5 |    10 |    20 |    33 ||    68
Block: Buckler           |    27 |    32 |    57 |    72 |    63 |       |       |       |       ||   251
       Other             |       |       |       |       |     6 |   125 |   245 |    23 |   142 ||   541
       Reflection        |       |       |       |       |     2 |     2 |    41 |     1 |     1 ||    47
